 Dungeon Crawl Stone Soup version 0.29-a0-911-g88e6f02907 (webtiles) character file.

Game seed: 10376783546676553486

20641 gelatine the Thaumaturge (level 12, -4/89 HPs)
             Began as a Demonspawn Fire Elementalist on July 26, 2022.
             Slain by a naga
             ... wielding a +0 dire flail
              (19 damage)
             ... on level 3 of the Lair of Beasts.
             The game lasted 01:05:36 (15941 turns).

gelatine the Thaumaturge (DsFE)                    Turns: 15941, Time: 01:05:36

Health: -4/89      AC: 24    Str:  8    XL:     12   Next: 47%
Magic:  31/33      EV: 15    Int: 26    God:
Gold:   818        SH: 11    Dex: 11    Spells: 12/27 levels left

rFire   . . .      SeeInvis .   z - +10 halberd of Sharkskin {pain, rN+ MP+9 Dex-2}
rCold   . . .      Faith    .   (shield currently unavailable)
rNeg    + . .      Spirit   .   q - +10 ring mail of the Devil {Int+3}
rPois   .          Reflect  +   (no helmet)
rElec   .          Harm     .   H - +1 cloak {rCorr}
rCorr   +          Rampage  .   h - +2 pair of gloves {infuse}
Will    .....                   v - +2 pair of boots
Stlth   ++........              L - amulet of reflection
HPRegen 0.24/turn               o - ring of wizardry
MPRegen 0.23/turn               A - +4 ring of evasion

@: no status effects
A: large bone plates 2, powered by death 2, demonic magic 2, demonic touch 1
a: no special abilities


You were on level 3 of the Lair of Beasts.
You visited 2 branches of the dungeon, and saw 14 of its levels.
You also visited: Ossuary.

You collected 818 gold pieces.

Inventory:

Hand Weapons
 d - the +8 quarterstaff of Terror {vorpal, *Noise rC+++ Will++ SInv}
   (You found it on level 1 of the Lair of Beasts)

   It inflicts extra damage upon your enemies.
   rC:        It renders you almost immune to cold.
   SInv:      It lets you see invisible.
   *Noise:    It may make noises in combat.
   Will:      It greatly increases your willpower.
 e - a +4 quarterstaff of chaos
 m - the +6 hand axe "Uckif" {protect, rPois}
   (You found it on level 7 of the Dungeon)

   It grants its wielder temporary protection when it strikes (+7 to AC).
   rPois:     It protects you from poison.
 z - the +10 halberd of Sharkskin (weapon) {pain, rN+ MP+9 Dex-2}
   (You found it on level 5 of the Dungeon)

   In the hands of one skilled in necromantic magic, it inflicts extra damage on
   living creatures.
   Dex:       It affects your dexterity (-2).
   rN:        It protects you from negative energy.
   MP:        It affects your magic capacity (+9).
Missiles
 F - 6 atropa-tipped darts
Armour
 a - a +0 troll leather armour
 h - a +2 pair of gloves of infusion (worn)
 q - the +10 ring mail of the Devil (worn) {Int+3}
   (You found it on level 9 of the Dungeon)

   Int:       It affects your intelligence (+3).
 r - a +2 leather armour of cold resistance
 t - the +1 ring mail of an ice cave {Will+}
   (You found it on level 4 of the Dungeon)

   Will:      It increases your willpower.
 v - a +2 pair of boots (worn)
 H - a +1 cloak of preservation (worn)
 J - +2 acid dragon scales
 M - +0 steam dragon scales
 W - a +0 cloak of poison resistance
Magical Staves
 O - a staff of conjuration
Jewellery
 o - a ring of wizardry (left hand)
 p - a ring of ice
 A - a +4 ring of evasion (right hand)
 E - a ring of poison resistance
 I - a ring of willpower
 L - an amulet of reflection (around neck)
 S - a ring of resist corrosion
 Z - a +4 ring of protection
Wands
 G - a wand of roots (18)
 K - a wand of flame (17)
 N - a wand of quicksilver (2)
 U - a wand of digging (9)
 X - a wand of charming (3)
Scrolls
 f - a scroll of silence
 g - 3 scrolls of enchant weapon
 i - 5 scrolls of teleportation
 s - a scroll of blinking
 u - a scroll of torment
 w - 2 scrolls of fear
 y - a scroll of brand weapon
 C - a scroll of amnesia
 R - a scroll of magic mapping
Potions
 b - 3 potions of flight
 c - 2 potions of cancellation
 j - 2 potions of curing
 k - 3 potions of might
 l - 2 potions of ambrosia
 n - a potion of lignification
 x - 2 potions of mutation
 B - a potion of attraction
 P - 2 potions of haste
 T - 2 potions of invisibility
 V - a potion of resistance
 Y - a potion of brilliance


   Skills:
 * Level 6.9 Fighting
 + Level 0.5 Short Blades
 + Level 7.1 Polearms
 + Level 4.2 Armour
 + Level 4.3 Dodging
 + Level 6.2 Stealth
 + Level 5.2 Shields
 + Level 8.4 Spellcasting
 + Level 5.4 Conjurations
 + Level 0.2 Hexes
 + Level 6.6 Necromancy
 + Level 8.3 Fire Magic
 + Level 0.3 Evocations


You had 12 spell levels left.
You knew the following spells:

 Your Spells              Type           Power      Damage    Failure   Level
a - Foxfire               Conj/Fire      100%       2x1d9     1%          1
b - Scorch                Fire           100%       2d10      1%          2
c - Conjure Flame         Conj/Fire      46%        6-21      1%          3
d - Flame Wave            Conj/Fire      46%        2d10      3%          4
e - Sublimation of Blood  Necr           45%        N/A       1%          2
f - Inner Flame           Hex/Fire       33%        N/A       3%          3

Your spell library contained the following spells:

 Spells                   Type           Power      Damage    Failure   Level
 Sting                    Tmut/Pois      40%        1d5       6%          1
 Poisonous Vapours        Pois/Air       20%        N/A       9%          2
 Gell's Gravitas          Tloc           10%        N/A       17%         3
 Lesser Beckoning         Tloc           10%        N/A       17%         3
 Ozocubu's Armour         Ice            10%        N/A       17%         3
 Teleport Other           Tloc           10%        N/A       17%         3
 Irradiate                Conj/Tmut      12%        3d15      45%         5
 Olgreb's Toxic Radiance  Pois           10%        N/A       50%         4
 Petrify                  Tmut/Erth      10%        N/A       50%         4
 Summon Ice Beast         Ice/Summ       10%        N/A       50%         4
 Dispersal                Tloc           5%         N/A       100%        6
 Ozocubu's Refrigeration  Ice            5%         4d6       100%        7
 Infestation              Necr           22%        N/A       100%        8


Dungeon Overview and Level Annotations

Branches:
Dungeon (11/15)            Temple (0/1) D:5            Lair (3/5) D:11
  Snake (0/4) Lair:3          Orc (0/2) D:10        Ossuary (visited)
  Swamp: Lair:2-3    Shoals: Lair:2-3

Altars:
Cheibriados
Gozag
Hepliaklqana
Nemelex Xobeh
Okawaru
Ru
Trog
Uskayaw
Vehumet
Xom
Yredelemnul

Shops:
D:1 =   D:6 (   D:9 (

Portals:
Trove: D:11 (give +2 shadow dragon scales)

Annotations:
Lair:1 3 runed translucent doors, Mootru's ghost, journeyman PaFi; Zuagil's ghost, journeyman DrCj


Innate Abilities, Weirdness & Mutations

You are mostly covered in large bone plates. (SH +6)
You regenerate health from kills.
Spells you cast may paralyse nearby enemies.
Your touch may inflict minor irresistible damage on your foes.


Message History

The fire crab claws you but does no damage.
You hit the fire crab but do no damage.
The fire crab writhes in agony.
The fire crab is lightly wounded.
The fire crab barely misses you. You block the fire crab's attack. x2
The fire crab claws you.
You are engulfed in flames!
You slash the fire crab!
The fire crab writhes in agony.
The fire crab is moderately wounded.
The fire crab bites you but does no damage.
The fire crab closely misses you.
You impale the fire crab!!
The fire crab writhes in agony.
The fire crab is severely wounded.
The fire crab bites you!
You are engulfed in flames!
The fire crab claws you but does no damage.
You hit the fire crab but do no damage.
The fire crab writhes in agony.
The fire crab is almost dead.
The fire crab breathes flames at you. The blast of flame misses you.
You hit the fire crab but do no damage.
The fire crab is almost dead.
You are engulfed in blazing flames.
You block the fire crab's attack. x2
You hit the fire crab.
The fire crab writhes in agony.
The fire crab is almost dead.
You are engulfed in blazing flames.
The fire crab bites you.
* * * LOW HITPOINT WARNING * * *
You are engulfed in flames!
* * * LOW HITPOINT WARNING * * *
The fire crab claws you but does no damage.
Blink to where?
Press: ? - help, Q - select action, (/) - cycle Dir - move target
As you read the scroll of blinking, it crumbles to dust.
The naga shouts!
Aiming: Quicksilver Bolt
Press: ? - help, Q - select action, (/) - cycle Shift-Dir - straight line, f - naga
Aim: a naga, wielding a +0 dire flail and wearing a +0 robe (71% to hit)
The bolt of dispelling energy hits the naga!
The naga is heavily wounded.
You barely miss the naga.
The naga is heavily wounded.
The naga hits you with a +0 dire flail!!
You die...

#...####### ##P....##
#..#...)...## ##P...#
#...###).....## ##..## ..#.
#.#.#...## #..# #.#
#........## ##..# .
#.#.#.#...######...#
#..........##......########
#...#.>.#...#......'t÷°....
##.......N@.#.###.#########
##...#.#.#.#.# ### #....
##........#.# ##...
##...#.#.#.## #...
##.....t#..# #...
##.......## ###. #########
## #. ##


You could see a fire crab and a naga.

Vanquished Creatures
  3 hydras
  A catoblepas (Lair:2)
  2 two-headed ogres
  A deep elf pyromancer (D:10)
  An oklob plant (D:11)
  A black mamba (Lair:1)
  Maurice (D:10)
  6 elephants
  Joseph (D:7)
  Maggie (D:10)
  A cane toad (Lair:1)
  A kobold demonologist (D:10)
  3 rime drakes
  3 komodo dragons
  3 trolls
  A polar bear (Lair:2)
  2 hornets
  A shadow (D:11)
  8 yaks
  3 wyverns
  3 basilisks
  2 vampire mosquitoes (D:11)
  4 steam dragons
  7 nagas (Lair:3)
  An acid dragon (D:8)
  Duvessa (D:4)
  2 water moccasins
  5 orc warriors
  4 sky beasts
  An ice beast (D:7)
  4 black bears
  2 centaurs
  6 wolves (Lair:1)
  3 ogres
  A phantom (D:5)
  An elf zombie (Ossuary)
  4 kobold brigands
  3 gnoll sergeants
  8 bullfrogs
  A necrophage (D:4)
  3 scorpions
  A water moccasin zombie (D:6)
  14 wights
  Dowan (D:4)
  A killer bee (D:7)
  2 howler monkeys (D:11)
  A jelly (D:8)
  A bullfrog zombie (D:6)
  4 hounds
  6 orc priests
  2 gnoll boudas
  A human zombie (Ossuary)
  Crazy Yiuf (D:7)
  5 iguanas
  5 orc wizards
  2 mummies (Ossuary)
  11 gnolls
  11 adders
  2 white imps
  2 ufetubi
  3 adder zombies (Ossuary)
  A worm (D:2)
  4 dart slugs
  23 orcs
  4 endoplasms
  3 giant cockroaches
  7 goblins
  4 hobgoblins
  4 jackals (D:1)
  2 quokkas
  6 ball pythons
  5 bats
  4 frilled lizards
  3 goblin zombies (Ossuary)
  13 hobgoblin zombies (Ossuary)
  19 kobolds
  12 kobold zombies (Ossuary)
  2 orc zombies (Ossuary)
  6 rats
  2 rat zombies (Ossuary)
310 creatures vanquished.

Vanquished Creatures (collateral kills)
  A yak (Lair:1)
  4 foxfires
5 creatures vanquished.

Vanquished Creatures (others)
  A sky beast (D:7)
  861 foxfires
  14 fungi
  27 plants
903 creatures vanquished.

Grand Total: 1218 creatures vanquished

Notes
Turn   | Place    | Note
-------+----------+-------------------------------------------
     0 | D:1      | gelatine the Demonspawn Fire Elementalist began the quest
                  | for the Orb.
     0 | D:1      | Reached XP level 1. HP: 13/13 MP: 3/3
   220 | D:1      | Gained mutation: You are partially covered in large bone
                  | plates. (SH +4) [demonic ancestry]
   220 | D:1      | Reached XP level 2. HP: 19/19 MP: 0/5
   733 | D:1      | Found Rucagro's Jewellery Boutique.
  1071 | D:1      | Gained mutation: Spells you cast may paralyse adjacent
                  | enemies. [demonic ancestry]
  1071 | D:1      | Reached XP level 3. HP: 24/24 MP: 3/6
  1312 | D:2      | Learned a level 2 spell: Scorch
  1316 | D:2      | Learned a level 3 spell: Conjure Flame
  2041 | D:2      | Gained mutation: You regenerate a little health from kills.
                  | [demonic ancestry]
  2041 | D:2      | Reached XP level 4. HP: 30/30 MP: 5/8
  2278 | D:2      | Found a faded altar of an unknown god.
  2363 | D:3      | Found a sacrificial altar of Ru.
  2896 | D:3      | Found a bloodstained altar of Trog.
  3066 | D:3      | Found an opulent altar of Gozag.
  3283 | D:4      | Noticed a scorpion
  3288 | D:4      | Killed a scorpion
  3289 | D:4      | Reached XP level 5. HP: 35/35 MP: 1/10
  3380 | D:4      | Reached skill level 1 in Shields
  3578 | D:4      | Noticed Dowan
  3580 | D:4      | Noticed Duvessa
  3584 | D:4      | Killed Dowan
  3593 | D:4      | Killed Duvessa
  3594 | D:4      | Gained mutation: You regenerate health from kills. [demonic
                  | ancestry]
  3594 | D:4      | Reached XP level 6. HP: 13/41 MP: 3/11
  3931 | D:4      | Found a radiant altar of Vehumet.
  4084 | D:4      | Found a hazy altar of Hepliaklqana.
  4095 | D:4      | Reached XP level 7. HP: 46/46 MP: 7/13
  4195 | D:4      | Identified the +1 ring mail of an ice cave {Will+}
  4262 | D:4      | Got the Incunabulum of the Ghastly Blizzard
  4757 | D:5      | Entered Level 5 of the Dungeon
  4888 | D:5      | Reached skill level 1 in Armour
  5088 | D:5      | Identified the +3 mace of the Freezing Gods {venom, Int+2}
  5120 | D:5      | Identified the +10 halberd of Sharkskin {pain, rN+ MP+9
                  | Dex-2}
  5134 | D:5      | Found an iron altar of Okawaru.
  5144 | D:5      | Reached skill level 5 in Fire Magic
  5206 | D:5      | Found a sand-covered staircase.
  5215 | Ossuary  | Entered an ossuary
  5554 | Ossuary  | Gained mutation: Spells you cast may paralyse nearby
                  | enemies. [demonic ancestry]
  5554 | Ossuary  | Reached XP level 8. HP: 47/52 MP: 15/15
  5778 | D:5      | Found a staircase to the Ecumenical Temple.
  5793 | D:5      | Reached skill level 1 in Polearms
  5793 | D:5      | Reached skill level 5 in Spellcasting
  6198 | D:6      | Reached skill level 1 in Necromancy
  6453 | D:6      | Found Doebata's Weapon Shoppe.
  6818 | D:6      | Found a basalt altar of Yredelemnul.
  6999 | D:7      | Found a snail-covered altar of Cheibriados.
  7093 | D:7      | Gained mutation: Your touch may inflict minor irresistible
                  | damage on your foes. [demonic ancestry]
  7093 | D:7      | Reached XP level 9. HP: 48/58 MP: 17/17
  7121 | D:7      | Reached skill level 1 in Fighting
  7350 | D:7      | Identified the +6 hand axe "Uckif" {protect, rPois}
  7476 | D:7      | Noticed Joseph
  7708 | D:7      | Reached skill level 5 in Necromancy
  7720 | D:7      | Killed Joseph
  8305 | D:7      | Gained mutation: You are mostly covered in large bone
                  | plates. (SH +6) [demonic ancestry]
  8305 | D:7      | Reached XP level 10. HP: 67/67 MP: 17/19
  8561 | D:7      | Found a runed translucent door.
  8562 | D:7      | Noticed Crazy Yiuf
  8568 | D:7      | Killed Crazy Yiuf
  8721 | D:8      | Noticed a two-headed ogre
  8735 | D:9      | Killed a two-headed ogre
  8954 | D:9      | Found a sparkling altar of Nemelex Xobeh.
  8968 | D:9      | Learned a level 4 spell: Flame Wave
  9228 | D:8      | Reached skill level 5 in Polearms
 10195 | D:8      | Found a hide-covered altar of Uskayaw.
 10195 | D:8      | Found a shimmering altar of Xom.
 10205 | D:8      | Learned a level 2 spell: Sublimation of Blood
 10307 | D:9      | Identified the +10 ring mail of the Devil {Int+3}
 10357 | D:9      | Reached skill level 5 in Stealth
 10852 | D:9      | Found Potzah's Antique Weapon Boutique.
 11106 | D:10     | Entered Level 10 of the Dungeon
 11144 | D:10     | Noticed a deep elf pyromancer
 11155 | D:10     | Killed a deep elf pyromancer
 11174 | D:10     | Reached XP level 11. HP: 63/77 MP: 8/21
 11448 | D:10     | Found a staircase to the Orcish Mines.
 11505 | D:10     | Noticed Maurice
 11514 | D:10     | Killed Maurice
 11539 | D:10     | Noticed Maggie
 11556 | D:10     | Killed Maggie
 11717 | D:10     | Reached skill level 5 in Conjurations
 12174 | D:11     | Found a portal to a secret trove of treasure.
 12226 | D:11     | Identified the +0 quarterstaff "Juis" {pain, Dex+3}
 12383 | D:11     | Noticed an oklob plant
 12403 | D:11     | Noticed a two-headed ogre
 12417 | D:11     | Killed a two-headed ogre
 12479 | D:11     | Learned a level 3 spell: Inner Flame
 12494 | D:11     | Found a staircase to the Lair.
 12777 | D:11     | Killed an oklob plant
 12778 | D:11     | Reached skill level 5 in Fighting
 12807 | Lair:1   | Entered Level 1 of the Lair of Beasts
 12834 | Lair:1   | Noticed a seven-headed hydra
 12842 | Lair:1   | Killed a seven-headed hydra
 13151 | Lair:1   | Found a runed translucent gate.
 13151 | Lair:1   | Found a runed translucent gate.
 13155 | Lair:1   | Found a runed translucent gate.
 13314 | Lair:1   | Reached XP level 12. HP: 39/88 MP: 8/23
 13314 | Lair:1   | Identified the +8 quarterstaff of Terror {vorpal, *Noise
                  | rC+++ Will++ SInv}
 13941 | Lair:1   | Noticed Mootru's ghost (journeyman PaFi)
 13941 | Lair:1   | Noticed Zuagil's ghost (journeyman DrCj)
 14627 | Lair:2   | Noticed a six-headed hydra
 14636 | Lair:2   | Killed a six-headed hydra
 14728 | Lair:2   | Noticed an eight-headed hydra
 14741 | Lair:2   | Killed a nine-headed hydra
 14922 | Lair:2   | Noticed a catoblepas
 14937 | Lair:2   | Killed a catoblepas
 14938 | Lair:2   | Reached skill level 5 in Shields
 15650 | Lair:3   | Found a staircase to the Snake Pit.
 15905 | Lair:3   | Found a runed translucent door.
 15941 | Lair:3   | Slain by a naga

Illustrated notes

Levels and vault maps discovered:
D:1:      denvon_arrival_waterhouse, layout_basic, serial_shops, shop
D:2:      layout_basic, shapermc_ecumenical_altar_totnotflames, hex_large,
          minmay_unequal
D:3:      layout_basic, lemuel_coloured_pillars_altar,
          mainiacjoe_overflow_24_doors, lightli_temple_of_fire
D:4:      layout_loops_cross, lemuel_tele_altar, lemuel_doored_altar,
          uniq_duvessa
D:5:      layout_rooms, okawaru_trees_1, minmay_temple_entry_wispy,
          nicolae_ossuary_entry_monument, grunt_decor_arrowhead,
          minmay_misc_feat_iff
D:6:      layout_basic, lemuel_zombie_altar_yredelemnul, serial_shops,
          nicolae_shop_hallway_plus
D:7:      layout_rooms, mainiacjoe_overflow_alcove_1, minmay_fractal_squares_5,
          uniq_joseph, uniq_crazy_yiuf_cottage
D:8:      layout_basic, gammafunk_temple_overflow_wave,
          minmay_increasing_density
D:9:      layout_roguey, nemelex_xobeh_ov_fountains_minmay, serial_shops,
          nicolae_shop_temple_entry_statues_fountains
D:10:     layout_rooms, erik_orc_4, uniq_maurice, uniq_maggie
D:11:     layout_basic, dpeg_oklobed_lair, nicolae_trove_entry_crystal
Lair:1:   layout_long_grid, gammafunk_ghost_cemetery
Lair:2:   nzn_winding_woodlands_small [nzn_winding_woodlands_5x15_parted,
          nzn_winding_woodlands_center_lodge,
          nzn_winding_woodlands_5x15_lazy_stream], layout_chaotic_city
Lair:3:   gammafunk_mikee_crab_dinner, layout_cave_pods,
          minmay_shoals_entry_centaurs, minmay_snake_entry_guardpost_large

Skill      XL: |  1  2  3  4  5  6  7  8  9 10 11 12 |
---------------+-------------------------------------+-----
Fire Magic     | 3 4 5 6 7 8 |  8.3
Stealth        | 2 3 4 5 6 |  6.2
Spellcasting   | 3 4 5 6 7 8 |  8.4
Shields        | 1 2 3 4 5 |  5.2
Conjurations   | 2 3 4 5 |  5.4
Armour         | 1 2 3 4 |  4.2
Polearms       | 3 4 5 6 7 |  7.1
Dodging        | 2 4 |  4.3
Necromancy     | 3 6 |  6.6
Fighting       | 1 4 6 |  6.9
Short Blades   | |  0.5
Hexes          | |  0.2
Evocations     | |  0.3

Action                   |  1- 3 |  4- 6 |  7- 9 | 10-12 || total
-------------------------+-------+-------+-------+-------++-------
Melee: Dagger            |    23 |    32 |     4 |       ||    59
       Punch             |       |     1 |       |       ||     1
       Halberd           |       |       |   140 |   245 ||   385
       Rapier            |       |       |    12 |       ||    12
 Cast: Foxfire           |    77 |    65 |   196 |   200 ||   538
       Scorch            |     1 |     9 |    34 |    61 ||   105
       Conjure Flame     |       |     1 |     4 |     3 ||     8
       Inner Flame       |       |       |       |     2 ||     2
       Flame Wave        |       |       |       |     2 ||     2
       Sublimation of Bl |       |       |       |     1 ||     1
Evoke: Wand              |       |       |       |     9 ||     9
  Use: Scroll            |       |     3 |    14 |    16 ||    33
       Potion            |       |     1 |     2 |     8 ||    11
 Stab: Paralysed         |     3 |     6 |    22 |    28 ||    59
       Sleeping          |       |     1 |     1 |     3 ||     5
Armor: Robe              |     6 |    13 |       |       ||    19
       Leather armour    |       |     1 |    45 |    16 ||    62
       Ring mail         |       |       |       |   153 ||   153
Dodge: Dodged            |    12 |    13 |   103 |   206 ||   334
Block: Other             |     3 |     5 |    38 |   207 ||   253
       Reflection        |       |       |       |    11 ||    11

Table legend: (Time is in decaauts)
 A = Elapsed time spent in this place.
 B = Non-inter-level travel time spent in this place.
 C = Inter-level travel time spent in this place.
 D = Time resting spent in this place.
 E = Time spent auto-exploring this place.
 F = Levels seen in this place.
 G = Mean time per level.
                   A        B        C        D        E       F      G
               +--------+--------+--------+--------+--------+-----+--------+
         Total |  16084 |  15552 |    532 |   1359 |  11411 |  15 | 1072.3 |
       Dungeon |  12338 |  11885 |    453 |   1029 |   8814 |  11 | 1121.6 |
          Lair |   3178 |   3099 |     79 |    330 |   2247 |   3 | 1059.3 |
       Ossuary |    568 |    568 |      0 |      0 |    350 |   1 |  568.0 |
               +--------+--------+--------+--------+--------+-----+--------+

Top non-repeatable levels by time:
     D:7: 1530 daAuts
     D:4: 1473 daAuts
  Lair:2: 1380 daAuts
     D:8: 1351 daAuts
     D:1: 1305 daAuts
  Lair:1: 1174 daAuts
     D:9: 1140 daAuts
     D:6: 1102 daAuts
     D:2: 1035 daAuts
     D:3: 941 daAuts
    D:11: 940 daAuts
    D:10: 776 daAuts
     D:5: 740 daAuts
  Lair:3: 623 daAuts
 Ossuary: 568 daAuts
